AoeStats
← ツ Lupinamet

Arabia

510135182Analyzed
1v1 RM · 4d ago on Sep 29, 2026· 29m 47s· 2 players
Game mode
Random Map
Map size
Tiny (2 player)
Population
200
Speed
Normal
Resources
Standard
Victory
Conquest
Starting age
Dark Age
Ending age
Imperial Age
RankedLock teamsTeams togetherTeam positionsShared explorationLock speedFull tech treeHidden civsTurbo modeCheats
Victory
Defeat
🇨🇭 Turks · Switzerland
1493
+21
🇹🇷 Byzantines · Türkiye
1598
-21
ツ Lupinamet
6:52 Loom
9:16 Feudal Age
9:56 Double-Bit Axe
10:10 Horse Collar
22:20 Castle Age
22:47 Fletching
24:13 Bodkin Arrow
23:55 Crossbowman
24:45 Padded Archer Armor
25:29 Wheelbarrow
sheriffsheriffsheriff
6:46 Loom
9:54 Feudal Age
10:42 Double-Bit Axe
11:25 Man-at-Arms
13:21 Arson
16:16 Forging
21:30 Castle Age
19:50 Stone Mining
20:19 Horse Collar
21:37 Long Swordsman
29:04 Wheelbarrow
Connection lost

Rejoining the realm…

Still unreachable

The connection could not be restored.

Session expired

The server has moved on; the page needs a fresh start.